 Dungeon Crawl Stone Soup version 0.29.1-15-g9cfb28693d (webtiles) character file.

Game seed: 3908619261993523112

144 LustLizard the Sneak (level 5, -13/32 HPs)
             Began as a Kobold Brigand on Mar 31, 2023.
             Killed by divine providence
             ... invoked by an orc priest
              (15 damage)
             ... on level 3 of the Dungeon.
             The game lasted 00:05:17 (3954 turns).

LustLizard the Sneak (Kobold Brigand)               Turns: 3954, Time: 00:05:17

Health: -13/32     AC:  3    Str:  8    XL:     5   Next: 51%
Magic:  5/5        EV: 15    Int: 13    God:
Gold:   160        SH:  0    Dex: 18    Spells: 4/4 levels left

rFire   . . .      SeeInvis .   a - +2 dagger
rCold   . . .      Faith    .   (no shield)
rNeg    + . .      Spirit   .   b - +0 robe
rPois   .          Reflect  .   (no helmet)
rElec   .          Harm     .   c - +0 cloak
rCorr   .          Rampage  .   (no gloves)
Will    .....                   (no boots)
Stlth   ++++......              (no amulet)
HPRegen 0.10/turn               q - ring of positive energy
MPRegen 0.09/turn               (no ring)

@: no status effects
A: small, no large weapons, nightstalker 3
a: no special abilities


You were on level 3 of the Dungeon.
You visited 1 branch of the dungeon, and saw 3 of its levels.

You collected 160 gold pieces.

Inventory:

Hand Weapons
 a - a +2 dagger (weapon)
Missiles
 d - 22 poisoned darts (quivered)
 e - 3 curare-tipped darts
 f - 26 stones
 j - 4 boomerangs
Armour
 b - a +0 robe (worn)
 c - a +0 cloak (worn)
Jewellery
 k - a ring of ice
 m - a ring of fire
 q - a ring of positive energy (left hand)
Scrolls
 g - 3 scrolls of immolation
 h - a scroll of blinking {unknown}
 l - a scroll of fear {unknown}
 n - 3 scrolls of teleportation
 o - a scroll of enchant weapon {unknown}
 r - 2 scrolls of enchant armour {unknown}
Potions
 i - 3 potions of heal wounds
 p - a potion of lignification
 s - 2 potions of mutation {unknown}


   Skills:
 + Level 3.0 Fighting
 * Level 4.6 Short Blades
 + Level 3.2 Throwing
 + Level 2.4 Dodging
 + Level 6.0 Stealth


You had 4 spell levels left.
You didn't know any spells.
Your spell library contained the following spells:

 Spells                   Type           Power      Damage    Failure   Level
 Beastly Appendage        Tmut           0%         N/A       30%         1
 Shock                    Conj/Air       0%         1d3       30%         1
 Wereblood                Tmut           0%         N/A       43%         2
 Gell's Gravitas          Tloc           0%         N/A       67%         3
 Ozocubu's Armour         Ice            0%         N/A       67%         3
 Spider Form              Tmut/Pois      0%         N/A       67%         3
 Swiftness                Air            0%         N/A       67%         3
 Teleport Other           Tloc           0%         N/A       67%         3
 Airstrike                Air            0%         2d(0-16)  97%         4
 Dispersal                Tloc           0%         N/A       100%        6
 Ozocubu's Refrigeration  Ice            0%         4d7       100%        7


Dungeon Overview and Level Annotations

Branches:
Dungeon (3/15)

Altars:


Innate Abilities, Weirdness & Mutations

You are small and have problems with some larger weapons.
You are completely attuned to the shadows.


Message History

The orc wizard is almost dead.
The orc wizard closely misses you.
You miss the orc wizard.
The orc wizard is almost dead.
The orc wizard hits you but does no damage.
You hit the orc wizard.
The orc wizard is almost dead.
You feel less confused.
You hit the orc wizard.
You kill the orc wizard!
Your Fighting skill increases to level 3!
Your Stealth skill increases to level 6!
Things that are here:
a +0 dagger; a +0 robe You start resting.
An orc priest is nearby!
The orc priest shouts!
The orc priest barely misses you.
You hit the orc priest.
The orc priest is lightly wounded.
The orc priest hits you with a +0 club.
You barely miss the orc priest.
The orc priest is lightly wounded.
The orc priest hits you with a +0 club.
You hit the orc priest.
The orc priest is moderately wounded.
The orc priest calls down the wrath of Beogh upon you.
Pain shoots through your body!
You completely miss the orc priest.
The orc priest is moderately wounded.
You completely miss the orc priest.
The orc priest is moderately wounded.
The orc priest mumbles some strange prayers to Beogh against you.
Beogh smites you!
* * * LOW HITPOINT WARNING * * *
You hit the orc priest.
The orc priest is heavily wounded.
The orc priest invokes the aid of Beogh against you.
Beogh smites you!
You die...

#.##.##....>..####.# #.##.....
#.......#####.####.######.##.##.#
###†..### #..........##)##.##.#
#...# #..###.###........... #...#
#..# #....##########. #...#
#))###.##.# ####. #
#.[.########.....##.#######.... #
#...#.............#.......#.##.
###...#.##.##.##@.#.#.....[.#....
..............##o...........#....
..............###.#.........#...#
..............# #.###.......#..##
##......#####.# #.# #.......#....
##............# #.# #.......##.##
.......##########.# ##########.#
##.....# #...# #.# ##.....# #.###
#.#


You could see an orc priest.

Vanquished Creatures
  An orc wizard (D:3)
  4 adders
  2 worms (D:2)
  5 orcs
  8 ball pythons
  10 bats
  5 endoplasms
  2 giant cockroaches
  6 goblins
  7 hobgoblins (D:1)
  9 kobolds
  2 quokkas
  2 frilled lizards
  8 rats
71 creatures vanquished.

Notes
Turn   | Place    | Note
-------+----------+-------------------------------------------
     0 | D:1      | LustLizard the Kobold Brigand began the quest for the Orb.
     0 | D:1      | Reached XP level 1. HP: 12/12 MP: 1/1
   235 | D:1      | Reached XP level 2. HP: 16/17 MP: 2/2
   489 | D:1      | Found a faded altar of an unknown god.
   544 | D:1      | Reached XP level 3. HP: 22/22 MP: 3/3
  1567 | D:2      | Reached XP level 4. HP: 7/27 MP: 4/4
  3211 | D:3      | Reached XP level 5. HP: 32/32 MP: 5/5
  3893 | D:3      | Reached skill level 6 in Stealth
  3954 | D:3      | Killed from afar by an orc priest

Illustrated notes

Levels and vault maps discovered:
D:1:      evilmike_arrival_rings, layout_basic,
          ebering_ecumenical_altar_abandoned, minmay_small_reverse_x
D:2:      layout_basic
D:3:      layout_loops_cross

Skill      XL: |  1  2  3  4  5 |
---------------+----------------+-----
Short Blades   | 3 4 |  4.6
Dodging        | 2 |  2.4
Throwing       | 3 |  3.2
Fighting       | 3 |  3.0
Stealth        | 6 |  6.0

Action                   |  1- 3 |  4- 6 || total
-------------------------+-------+-------++-------
Melee: Dagger            |    95 |    92 ||   187
       Punch             |       |     1 ||     1
Throw: Dart              |     2 |       ||     2
  Use: Scroll            |     4 |     1 ||     5
 Stab: Sleeping          |    15 |    19 ||    34
Armor: Robe              |    20 |     8 ||    28
Dodge: Dodged            |    55 |    31 ||    86
